 Dungeon Crawl Stone Soup version 0.26-a0-778-g3fe0686644 (webtiles) character file.

Game seed: 6979295475662952548

79 rikardo the Conjurer (level 4, -3/30 HPs)
             Began as a Demonspawn Conjurer on Nov 9, 2020.
             Killed by divine providence
             ... invoked by an orc priest
              (12 damage)
             ... on level 3 of the Dungeon.
             The game lasted 00:03:19 (2597 turns).

rikardo the Conjurer (Demonspawn Conjurer)          Turns: 2597, Time: 00:03:19

Health: -3/30      AC:  8    Str:  7    XL:     4   Next: 16%
Magic:  1/7        EV: 12    Int: 21    God:
Gold:   131        SH:  0    Dex: 11    Spells: 5/8 levels left

rFire    . . .     SeeInvis .   i - +0 mace
rCold    . . .     Faith    .   (no shield)
rNeg     . . .     Spirit   .   a - +0 robe
rPois    +         Reflect  .   (no helmet)
rElec    .         Harm     .   (no cloak)
rCorr    .         Rampage  .   (no gloves)
MR       .....                  (no boots)
Stlth    ++........             (no amulet)
HPRegen  0.10/turn              h - ring of poison resistance
MPRegen  0.10/turn              (no ring)

@: sanguine armour
A: demonic guardian 2, sanguine armour 1
a: no special abilities


You were on level 3 of the Dungeon.
You visited 1 branch of the dungeon, and saw 3 of its levels.

You collected 131 gold pieces.

Inventory:

Hand Weapons
 i - a +0 mace (weapon)
 w - a +0 hunting sling
Missiles
 e - 27 arrows
 g - 5 javelins (quivered)
 l - 22 bolts
 r - 37 sling bullets
 v - a throwing net
Armour
 a - a +0 robe (worn)
 c - a +0 kite shield
Jewellery
 h - a ring of poison resistance (left hand)
Scrolls
 b - a scroll of blinking {unknown}
 d - a scroll of enchant armour {unknown}
 f - 2 scrolls of amnesia {unknown}
 j - a scroll of magic mapping {unknown}
 m - a scroll of fear {unknown}
 n - 3 scrolls of random uselessness {unknown}
 o - 2 scrolls of identify {unknown}
 u - a scroll of remove curse {unknown}
Potions
 k - a potion of lignification {unknown}
 p - 2 potions of attraction {unknown}
 q - a potion of cancellation {unknown}
 s - 2 potions of heal wounds {unknown}
 t - a potion of magic {unknown}


   Skills:
 - Level 1.7 Dodging
 - Level 1.7 Stealth
 * Level 2.5 Spellcasting
 * Level 5.4 Conjurations


You had 5 spell levels left.
You knew the following spells:

 Your Spells              Type           Power        Failure   Level
a - Magic Dart            Conj           ####         1%          1
s - Searing Ray           Conj           ####..       2%          2

Your spell library contained the following spells:

 Spells                   Type           Power        Failure   Level
 Dazzling Flash           Conj/Hex       ##....       14%         3
 Fulminant Prism          Conj/Hex       ##........   41%         4
 Iskenderun's Mystic Bla  Conj/Tloc      ##......     41%         4


Dungeon Overview and Level Annotations

Branches:
Dungeon (3/15)

Altars:
Fedhas


Innate Abilities, Weirdness & Mutations

A demonic guardian rushes to your aid.
When seriously injured, your bleeding wounds create armour. (AC +6)


Message History

You hit the orc priest.
The orc priest is almost dead.
The orc priest hits you with a +0 whip.
Casting: Magic Dart (safe; 1% risk of failure)
Confirm with . or Enter, or press ? or * to list all spells.
You don't have enough magic to cast that spell.
Casting: Magic Dart (safe; 1% risk of failure)
Confirm with . or Enter, or press ? or * to list all spells.
Aiming: Magic Dart (safe; 1% risk of failure)
Press: ? - help, Shift-Dir - straight line, f/p - orc priest
Aim: an orc priest, wielding a +0 whip (almost dead)
The magic dart hits the orc priest but does no damage.
The orc priest is almost dead.
The orc priest hits you with a +0 whip.
* * * LOW HITPOINT WARNING * * *
You barely miss the orc priest.
The orc priest is almost dead.
The orc priest invokes the aid of Beogh against you.
Beogh smites you!
You die...

#.# .# #.###.#
###.....# ..#....#
.# . #.#....# .#
... #.#....# .#
.....##o#.#.###.#
....)))@..$.....##
....K######......#
... #........#.# #
#.######.#.######
................
#########.#.######
..........#.#
########..#.#
#..#.#


You could see an orc priest and a kobold.

Vanquished Creatures
  2 adders (D:2)
  A worm (D:2)
  A dart slug (D:1)
  A leopard gecko (D:1)
  9 orcs (D:3)
  2 ball pythons (D:1)
  4 goblins
  3 hobgoblins
  4 jackals (D:3)
  2 kobolds
  4 bats
  9 frilled lizards
  3 rats
45 creatures vanquished.

Notes
Turn   | Place    | Note
-------+----------+-------------------------------------------
     0 | D:1      | rikardo the Demonspawn Conjurer began the quest for the
                  | Orb.
     0 | D:1      | Reached XP level 1. HP: 13/13 MP: 3/3
   448 | D:1      | Gained mutation: When seriously injured, your bleeding
                  | wounds create armour. (AC +6) [demonic ancestry]
   448 | D:1      | Reached XP level 2. HP: 19/19 MP: 3/5
   714 | D:1      | Learned a level 2 spell: Searing Ray
  1552 | D:2      | Found a blossoming altar of Fedhas.
  1599 | D:2      | Gained mutation: A weak demonic guardian rushes to your
                  | aid. [demonic ancestry]
  1599 | D:2      | Reached XP level 3. HP: 24/24 MP: 4/6
  1698 | D:2      | Reached skill level 5 in Conjurations
  2419 | D:3      | Gained mutation: A demonic guardian rushes to your aid.
                  | [demonic ancestry]
  2419 | D:3      | Reached XP level 4. HP: 30/30 MP: 2/7
  2597 | D:3      | Killed from afar by an orc priest

Illustrated notes

Levels and vault maps discovered:
D:1:      minmay_arrival_doors, layout_loops_ring, minmay_lizard_pond
D:2:      layout_basic, fedhas_altar_fruit_tree
D:3:      layout_basic, kiku_gazebo_pond_becter

Skill      XL: |  1  2  3 |
---------------+----------+-----
Conjurations   | 5 |  5.4
Dodging        | |  1.7
Stealth        | |  1.7
Spellcasting   | |  2.5

Action                   |  1- 3 |  4- 6 || total
-------------------------+-------+-------++-------
Melee: Mace              |    27 |     3 ||    30
       Club              |     2 |       ||     2
       Unarmed           |     2 |       ||     2
 Cast: Magic Dart        |    46 |     2 ||    48
       Searing Ray       |     4 |     1 ||     5
 Stab: Sleeping          |     2 |     1 ||     3
Armor: Robe              |     4 |     2 ||     6
Dodge: Dodged            |    32 |     1 ||    33

Table legend: (Time is in decaauts)
 A = Elapsed time spent in this place.
 B = Non-inter-level travel time spent in this place.
 C = Inter-level travel time spent in this place.
 D = Time resting spent in this place.
 E = Time spent auto-exploring this place.
 F = Levels seen in this place.
 G = Mean time per level.
                   A        B        C        D        E       F      G
               +--------+--------+--------+--------+--------+-----+--------+
         Total |   2607 |   2528 |     79 |    409 |   1839 |   3 |  869.0 |
       Dungeon |   2607 |   2528 |     79 |    409 |   1839 |   3 |  869.0 |
               +--------+--------+--------+--------+--------+-----+--------+

Top non-repeatable levels by time:
     D:1: 1191 daAuts
     D:2: 939 daAuts
     D:3: 476 daAuts
